 Dungeon Crawl Stone Soup version 0.18-a0-1808-g3e993bd (webtiles) character file.

3073 aurelian the Slinger (level 9, -12/72 HPs)
             Began as a Ghoul Hunter on Apr 26, 2016.
             Was a Believer of Okawaru (penitent).
             Hit by a tomahawk thrown by a merfolk (15 damage)
             ... created by the fury of Okawaru
             ... on level 9 of the Dungeon.
             The game lasted 00:30:47 (7796 turns).

aurelian the Slinger (Ghoul Hunter)                 Turns: 7796, Time: 00:30:48

Health: -12/72     AC: 10    Str: 16    XL:     9   Next: 88%
Magic:  8/8        EV: 11    Int:  6    God:    Okawaru [*]
Gold:   482        SH:  4    Dex: 17    Spells: 0 memorised, 8 levels left

rFire  . . .     SeeInvis .     a - +2 hunting sling
rCold  + . .     Gourm    .     o - +0 scale mail
rNeg   + + +     Faith    .     (no shield)
rPois  ∞         Spirit   .     z - +0 helmet
rElec  .         Dismiss  .     (no cloak)
rCorr  +         Reflect  +     V - +0 pair of gloves (curse)
SustAt .         Harm     .     X - +0 pair of boots
MR     .....                    U - +4 amulet of reflection
Stlth  +.........               S - ring of resist corrosion
                                u - +5 ring of dexterity

@: very slightly contaminated, rotting, not resistant to hostile enchantments,
very unstealthy
A: rotting body, claws 1, carnivore 3, cold resistance 1, negative energy
resistance 3, slow regeneration 1, torment resistance, unbreathing
a: Renounce Religion


You were on level 9 of the Dungeon.
You worshipped Okawaru.
Okawaru was demanding penance.
You were not hungry.

You visited 2 branches of the dungeon, and saw 10 of its levels.

You collected 482 gold pieces.

Inventory:

Hand Weapons
 a - a +2 hunting sling (weapon)
 b - a +0 short sword
 w - a +0 hunting sling
Missiles
 d - 6 sling bullets (quivered)
 p - 104 stones
Armour
 l - a +0 buckler
 n - a +0 leather armour
 o - a +0 scale mail (worn)
 q - a pearl dragon hide
 z - a +0 helmet (worn)
 G - the +0 shield of Henoz {rC+++ MP-9 Int+7}
   (You found it on level 4 of the Dungeon)

   It affects your intelligence (+7).
   It renders you almost immune to cold.
   It affects your magic capacity (-9).
 V - a cursed +0 pair of gloves (worn)
 W - a +0 plate armour
 X - a +0 pair of boots (worn)
Magical Staves
 E - an uncursed staff of poison {unknown}
Jewellery
 u - a +5 ring of dexterity (left hand)
 y - an uncursed ring of wizardry
 B - an uncursed ring of sustain attributes
 O - an uncursed ring of positive energy
 S - a ring of resist corrosion (right hand)
 U - a +4 amulet of reflection (around neck)
Wands
 H - a wand of lightning (15/15)
 I - a wand of flame (5/48)
 J - a wand of random effects (24/48)
 K - a wand of flame (21/48)
 N - a wand of slowing (19/48)
 Q - a wand of polymorph (6/24)
 R - a wand of enslavement (1/24)
Scrolls
 c - 3 scrolls of enchant weapon
 i - 5 scrolls of identify
 m - a scroll of amnesia
 s - a scroll of teleportation
 t - 2 scrolls of remove curse
 A - 4 scrolls of magic mapping
Potions
 e - 2 potions of cure mutation {unknown}
 g - a potion of haste
 j - 2 potions of cancellation
 r - a potion of flight
 v - 2 potions of invisibility {unknown}
 x - 3 potions of might {unknown}
 D - a potion of brilliance
 L - 3 potions of resistance
 P - a potion of ambrosia
Books
 C - a book of Clouds

   Spells                             Type                      Level
   a - Mephitic Cloud                 Conjuration/Poison/Air       3
   b - Conjure Flame                  Conjuration/Fire             3
   c - Poisonous Cloud                Conjuration/Poison/Air       6
   d - Freezing Cloud                 Conjuration/Ice/Air          6
   e - Ring of Flames                 Charms/Fire                  7
 M - a book of the Warp

   Spells                             Type                      Level
   a - Recall                         Summoning/Translocation      3
   b - Gell's Gravitas                Hexes/Translocation          3
   c - Force Lance                    Conjuration/Translocation    4
   d - Warp Weapon                    Charms/Translocation         5
   e - Summon Forest                  Summoning/Translocation      5
 T - a book of Summonings

   Spells                             Type                      Level
   a - Recall                         Summoning/Translocation      3
   b - Aura of Abjuration             Summoning                    5
   c - Summon Demon                   Summoning                    5
   d - Summon Forest                  Summoning/Translocation      5
   e - Summon Mana Viper              Hexes/Summoning              5
   f - Shadow Creatures               Summoning                    6
Comestibles
 f - 5 meat rations
 h - 4 slices of pizza


   Skills:
 + Level 4.3 Fighting
 * Level 10.9 Slings
 + Level 2.9 Armour
 + Level 3.6 Dodging
 - Level 2.0 Stealth
 + Level 3.0 Shields


You had 8 spell levels left.
You didn't know any spells.

Dungeon Overview and Level Annotations

Branches:
Dungeon (9/15)             Temple (1/1) D:5
   Lair: D:8-11         Orc: D:9-12

Altars:
Ashenzari
Cheibriados
Dithmenos
Elyvilon
Fedhas
Makhleb
Okawaru
Pakellas
Qazlal
Ru
Sif Muna
Trog
Yredelemnul
Zin

Annotations:
D:4 Twogk's ghost, amateur FoAK
D:7 2 runed doors


Innate Abilities, Weirdness & Mutations

Your body is rotting away.
You thrive on raw meat.
You are immune to poison.
You have sharp fingernails.
You are carnivorous and can eat meat at any time.
Your flesh is cold resistant.
You are immune to negative energy.
You regenerate slowly when monsters are visible.
You are immune to unholy pain and torment.
You can survive without breathing.


Message History

The merfolk impaler hits you with a demon trident of venom!
The orc warrior hits you with a glaive!!
* * * LOW HITPOINT WARNING * * *
The orc knight roars a battlecry!
The orcs go into a battle-frenzy!
Found a plain deck of cards.
You block the merfolk impaler's attack.
Found 19 arrows.
There is an open door here.
Found a thin runed staff.
Read which item? (? for menu, Esc to quit)
Blink to where?
Press: ? - help, Dir - move target cursor You are very lightly contaminated with residual magic.
As you read the scroll of blinking, it crumbles to dust.
The merfolk throws a tomahawk.
The tomahawk hits you!
* * * LOW HITPOINT WARNING * * *
The tomahawk disappears in a puff of smoke!
The merfolk throws a tomahawk.
The tomahawk hits you!
You die...

########.#...#
######.o....o.#...#
#......###..}§....#
#......###m..#'###..
#............#.mo#
#.........|..#.mm#
#............#oo.#
#............#...#
#..@.........#...#
#............#...#
#........... #...#
#.......... #...#
#.....##### #####
#.....# #.....#
#.....#


You could see an orc knight and a merfolk.

Vanquished Creatures
  Grum (D:8)
  Menkaure (D:7)
  A water moccasin (D:4)
  A sky beast (Temple)
  An orc warrior (D:7)
  2 ice beasts
  3 ogres
  2 wolves (D:8)
  A centaur (D:6)
  3 giant frogs
  3 scorpions
  3 wights (D:7)
  4 howler monkeys (D:7)
  2 crimson imps
  4 jellies
  An orc priest (D:8)
  5 hounds
  A giant frog skeleton (D:7)
  Jessica (D:3)
  7 orc wizards
  2 iguanas (D:4)
  4 worker ants
  A hound zombie (D:7)
  A hound skeleton (D:6)
  Robin (D:3)
  A worker ant zombie (D:5)
  4 gnolls
  7 adders
  A shadow imp (D:5)
  An ooze (D:3)
  2 adder skeletons (D:7)
  2 adder zombies
  2 worms
  5 dart slugs
  2 giant geckos (D:1)
  17 orcs
  2 giant cockroaches
  16 goblins
  5 hobgoblins
  9 jackals
  12 kobolds
  7 quokkas
  8 bats
  A giant gecko skeleton (D:6)
  A giant gecko zombie (D:5)
  4 giant newts
  8 rats
173 creatures vanquished.

Vanquished Creatures (collateral kills)
  A wolf (D:8)
  An orc priest (D:8)
2 creatures vanquished.

Vanquished Creatures (others)
  An orc warrior (D:8)
1 creature vanquished.

Grand Total: 176 creatures vanquished

Notes
Turn   | Place    | Note
--------------------------------------------------------------
     0 | D:1      | aurelian the Ghoul Hunter began the quest for the Orb.
     0 | D:1      | Reached XP level 1. HP: 17/17 MP: 0/0
   146 | D:1      | Reached XP level 2. HP: 23/24 MP: 1/1
   620 | D:1      | Reached skill level 4 in Slings
   621 | D:1      | Reached XP level 3. HP: 29/29 MP: 2/2
  1435 | D:2      | Reached XP level 4. HP: 36/36 MP: 3/3
  1823 | D:2      | Found a snail-covered altar of Cheibriados.
  2039 | D:2      | Found a blossoming altar of Fedhas.
  2101 | D:3      | Noticed Jessica
  2107 | D:3      | Killed Jessica
  2107 | D:3      | Reached skill level 5 in Slings
  2226 | D:3      | Reached XP level 5. HP: 41/41 MP: 4/4
  2335 | D:3      | Noticed Robin
  2425 | D:3      | Killed Robin
  2853 | D:3      | Found a shattered altar of Ashenzari.
  2879 | D:3      | Reached skill level 6 in Slings
  2882 | D:3      | Reached XP level 6. HP: 38/48 MP: 5/5
  3229 | D:4      | Noticed Twogk's ghost (amateur FoAK)
  3344 | D:4      | Found a glowing silver altar of Zin.
  3553 | D:4      | Found a sacrificial altar of Ru.
  3555 | D:4      | Noticed a water moccasin
  3580 | D:4      | Killed a water moccasin
  3580 | D:4      | Reached skill level 7 in Slings
  3580 | D:4      | Reached XP level 7. HP: 13/55 MP: 6/6
  3626 | D:4      | Got a faintly glowing shield
  3632 | D:4      | Identified the cursed +0 shield of Henoz {rC+++ MP-9 Int+7} (You found it on level 4 of the Dungeon)
  4224 | D:5      | Entered Level 5 of the Dungeon
  4232 | D:5      | Found a staircase to the Ecumenical Temple.
  4252 | Temple   | Entered the Ecumenical Temple
  4260 | Temple   | Reached skill level 8 in Slings
  4672 | D:5      | Reached XP level 8. HP: 58/61 MP: 7/7
  4727 | D:5      | Reached skill level 9 in Slings
  5616 | D:6      | Found an iron altar of Okawaru.
  5622 | D:6      | Became a worshipper of Warmaster Okawaru
  5765 | D:6      | Reached skill level 10 in Slings
  6170 | D:6      | Reached skill level 1 in Armour
  6418 | D:7      | Reached XP level 9. HP: 61/68 MP: 8/8
  6459 | D:7      | Reached * piety under Okawaru
  6459 | D:7      | Reached skill level 1 in Shields
  6561 | D:7      | Found a deep blue altar of Sif Muna.
  6929 | D:7      | Found a bloodstained altar of Trog.
  7147 | D:7      | Noticed Menkaure
  7152 | D:7      | Killed Menkaure
  7254 | D:7      | Found a runed door.
  7266 | D:7      | Found a runed door.
  7568 | D:8      | Reached ** piety under Okawaru
  7607 | D:8      | Was placed under penance by Okawaru
  7634 | D:8      | Noticed Grum
  7645 | D:8      | Killed Grum
  7699 | D:8      | Noticed a cyclops
  7699 | D:8      | Noticed a deep elf archer
  7699 | D:8      | Noticed a deep elf mage
  7699 | D:8      | Noticed a deep elf archer
  7699 | D:8      | Noticed a deep elf knight
  7785 | D:9      | Noticed a merfolk impaler
  7785 | D:9      | Noticed a merfolk
  7785 | D:9      | Noticed a merfolk
  7785 | D:9      | Noticed an orc knight
  7795 | D:9      | HP: 3/72 [merfolk/tomahawk[the fury of Okawaru] (16)]
  7796 | D:9      | Hit by a tomahawk thrown by a merfolk

Vault maps used:
D:1:      minmay_arrival_five_plusses
D:2:      kennysheep_six_static_rooms, lemuel_round_altar,
          lemuel_coloured_pillars_altar, serial_park_tiny_2, amethyst_killhole,
          corner_web_ring
D:3:      overflow_temple_1_default, first_bread, uniq_jessica, uniq_robin
D:4:      kennysheep_mini, old_standard_altar
D:5:      temple_pool_b
D:6:      okawaru_gym_becter
D:7:      lemuel_insect_pit, lemuel_round_altar, lemuel_doored_altar,
          uniq_menkaure
D:8:      serial_shops, nicolae_shop_waterfront, hangedman_little_slice_of_home,
          uniq_erica, uniq_grum
D:9:      minmay_overflow_temple_hex, lair_0_dummy, orc_0_dummy, uniq_joseph
Temple:   circular_temple_6

Skill      XL: |  1  2  3  4  5  6  7  8  9 |
---------------+----------------------------+-----
Dodging        | 2 3 |  3.6
Slings         | 4 5 6 7 8 10 | 10.9
Stealth        | 2 |  2.0
Armour         | 1 2 |  2.9
Shields        | 3 |  3.0
Fighting       | 4 |  4.3

Action                   |  1- 3 |  4- 6 |  7- 9 || total
-------------------------+-------+-------+-------++-------
 Fire: Hunting sling     |   129 |   250 |   477 ||   856
Evoke: Wand              |       |       |     9 ||     9
  Use: Scroll            |       |       |    21 ||    21
  Eat: Chunk             |     6 |    17 |    41 ||    64
Armor: Leather armour    |    18 |       |       ||    18
       Scale mail        |    10 |    69 |    52 ||   131
Dodge: Dodged            |    35 |    83 |    58 ||   176
Block: Shield            |       |       |     2 ||     2
       Other             |       |       |     8 ||     8
       Reflection        |       |       |     1 ||     1
